TOP OF THE 1ST |
Beaumont Roughnecks batting - Pitching for Santa Fe Diablos : RHP Wayne Walker
|
Pitching: RHP Wayne Walker
|
|
Batting: LHB Tony Rivera
|
0-0: Called Strike 0-1: Foul Ball, location: 2F 0-2: Ground out 5-3 (Groundball, 56)
|
Batting: LHB Bernardo Morales
|
0-0: Called Strike 0-1: Ball 1-1: Ground out 3-1 (Groundball, 34S)
|
Batting: RHB Anthony Hezell
|
0-0: Ball 1-0: DOUBLE (Flyball, 9D) - OUT at third base trying to stretch hit.
|
Top of the 1st over - 0 run(s), 1 hit(s), 0 error(s), 0 left on base; Beaumont 0 - Santa Fe 0 |
BOTTOM OF THE 1ST |
Santa Fe Diablos batting - Pitching for Beaumont Roughnecks : RHP Cliff Long
|
Pitching: RHP Cliff Long
|
|
Batting: RHB Chris Deem
|
0-0: Foul Ball, location: 2F 0-1: Ball 1-1: Ground out 5-3 (Groundball, 56S)
|
Batting: RHB John Dinkins
|
0-0: Ground out 4-3 (Groundball, 4)
|
Batting: SHB George Adams
|
0-0: Called Strike 0-1: Ball 1-1: Ball 2-1: Foul Ball, location: 2F 2-2: Ball 3-2: Ground out 6-3 (Groundball, 6MD)
|
Bottom of the 1st over - 0 run(s), 0 hit(s), 0 error(s), 0 left on base; Beaumont 0 - Santa Fe 0 |
TOP OF THE 2ND |
Beaumont Roughnecks batting - Pitching for Santa Fe Diablos : RHP Wayne Walker
|
Batting: LHB Cam Flowers
|
0-0: Called Strike 0-1: Ball 1-1: Ball 2-1: Ball 3-1: Foul Ball, location: 2F 3-2: Ground out U3 (Groundball, 34)
|
Batting: RHB Jeff Mason
|
0-0: Called Strike 0-1: Ball 1-1: Foul Ball, location: 2F 1-2: Ball 2-2: SINGLE (Line Drive, 56)
|
Batting: RHB Miguel Costa
|
0-0: Called Strike Jeff Mason steals 2nd base 0-1: Ball 1-1: SINGLE (Groundball, 6MD) Jeff Mason to third Runner from 3rd tries for Home, SAFE, no throw
|
Batting: RHB Franklin Lawrence
|
0-0: Called Strike 0-1: Ball 1-1: Ball 2-1: Fly out, F9 (Flyball, 89M)
|
Batting: LHB Enrique Cruz
|
0-0: Ball 1-0: Ball 2-0: Swinging Strike 2-1: SINGLE (Line Drive, 8RS) Miguel Costa to second
|
Batting: RHB Darwin Crane
|
0-0: Ball 1-0: Called Strike 1-1: Called Strike 1-2: Ground out 5-3 (Groundball, 56S)
|
Top of the 2nd over - 1 run(s), 3 hit(s), 0 error(s), 2 left on base; Beaumont 1 - Santa Fe 0 |
BOTTOM OF THE 2ND |
Santa Fe Diablos batting - Pitching for Beaumont Roughnecks : RHP Cliff Long
|
Batting: RHB Henning Huisman
|
0-0: Called Strike 0-1: Ball 1-1: Ball 2-1: Ball 3-1: Base on Balls
|
Batting: RHB Lee Price
|
0-0: SINGLE (Line Drive, 56D) Henning Huisman to second
|
Batting: LHB John Bond
|
0-0: Ball 1-0: Called Strike 1-1: Foul Ball, location: 2F 1-2: Grounds into double play, 6-4-3 (Groundball, 6) Henning Huisman to third
|
Batting: RHB Ricardo Remedios
|
0-0: Called Strike 0-1: Called Strike 0-2: Ball 1-2: Ball 2-2: Foul Ball, location: 2F 2-2: Strikes out swinging
|
Bottom of the 2nd over - 0 run(s), 1 hit(s), 0 error(s), 1 left on base; Beaumont 1 - Santa Fe 0 |
TOP OF THE 3RD |
Beaumont Roughnecks batting - Pitching for Santa Fe Diablos : RHP Wayne Walker
|
Batting: LHB Tony Rivera
|
0-0: Foul Ball, location: 2F 0-1: Ball 1-1: Foul Ball, location: 2F 1-2: Ball 2-2: DOUBLE (Flyball, 89D)
|
Batting: LHB Bernardo Morales
|
0-0: Called Strike 0-1: Swinging Strike 0-2: Strikes out swinging
|
Batting: RHB Anthony Hezell
|
0-0: Ball 1-0: Ball 2-0: Foul Ball, location: 2F 2-1: Ball 3-1: Base on Balls
|
Batting: LHB Cam Flowers
|
0-0: Ball 1-0: Foul Ball, location: 2F 1-1: Grounds into double play, 1-6-3 (Groundball, P)
|
Top of the 3rd over - 0 run(s), 1 hit(s), 0 error(s), 1 left on base; Beaumont 1 - Santa Fe 0 |
BOTTOM OF THE 3RD |
Santa Fe Diablos batting - Pitching for Beaumont Roughnecks : RHP Cliff Long
|
Batting: LHB Javier Martínez
|
0-0: Ball 1-0: Ground out 4-3 (Groundball, 4)
|
Batting: RHB Collin Smith
|
0-0: Ball 1-0: Called Strike 1-1: SOLO HOME RUN (Flyball, 7D), Distance : 348 ft
|
Batting: RHB Chris Deem
|
0-0: Called Strike 0-1: Foul Ball, location: 2F 0-2: Foul Ball, location: 2F 0-2: Foul Ball, location: 2F 0-2: Strikes out looking
|
Batting: RHB John Dinkins
|
0-0: Called Strike 0-1: Ball 1-1: Ball 2-1: Called Strike 2-2: Strikes out swinging
|
Bottom of the 3rd over - 1 run(s), 1 hit(s), 0 error(s), 0 left on base; Beaumont 1 - Santa Fe 1 |
TOP OF THE 4TH |
Beaumont Roughnecks batting - Pitching for Santa Fe Diablos : RHP Wayne Walker
|
Batting: RHB Jeff Mason
|
0-0: Ball 1-0: Foul Ball, location: 2F 1-1: Ball 2-1: Fly out, F7 (Line Drive, 7S)
|
Batting: RHB Miguel Costa
|
0-0: Swinging Strike 0-1: Ball 1-1: Swinging Strike 1-2: Strikes out swinging
|
Batting: RHB Franklin Lawrence
|
0-0: Foul Ball, location: 2F 0-1: Foul Ball, location: 2F 0-2: Strikes out swinging
|
Top of the 4th over - 0 run(s), 0 hit(s), 0 error(s), 0 left on base; Beaumont 1 - Santa Fe 1 |
BOTTOM OF THE 4TH |
Santa Fe Diablos batting - Pitching for Beaumont Roughnecks : RHP Cliff Long
|
Batting: SHB George Adams
|
0-0: Called Strike 0-1: Ball 1-1: Ball 2-1: Ball 3-1: Base on Balls
|
Batting: RHB Henning Huisman
|
0-0: Called Strike 0-1: Fielders Choice at 2nd, 2-6 (Groundball, 2R)
|
Batting: RHB Lee Price
|
0-0: Ball 1-0: Swinging Strike 1-1: Swinging Strike 1-2: Fly out, F5 (Popup, 5D)
|
Batting: LHB John Bond
|
0-0: Ball 1-0: Foul Ball, location: 2F 1-1: Ball 2-1: Foul Ball, location: 2F 2-2: Foul Ball, location: 2F 2-2: 2-RUN HOME RUN (Flyball, 89XD), Distance : 389 ft
|
Batting: RHB Ricardo Remedios
|
0-0: Fly out, F7 (Line Drive, 78M)
|
Bottom of the 4th over - 2 run(s), 1 hit(s), 0 error(s), 0 left on base; Beaumont 1 - Santa Fe 3 |
TOP OF THE 5TH |
Beaumont Roughnecks batting - Pitching for Santa Fe Diablos : RHP Wayne Walker
|
Batting: LHB Enrique Cruz
|
0-0: Foul Ball, location: 2F 0-1: Foul Ball, location: 2F 0-2: Ball 1-2: Fly out, F8 (Flyball, 8LS)
|
Batting: RHB Darwin Crane
|
0-0: Ball 1-0: Called Strike 1-1: Ball 2-1: Ground out 6-3 (Groundball, 6)
|
Batting: LHB Tony Rivera
|
0-0: Foul Ball, location: 2F 0-1: Ball 1-1: Ball 2-1: Ball 3-1: Foul Ball, location: 2F 3-2: Strikes out swinging
|
Top of the 5th over - 0 run(s), 0 hit(s), 0 error(s), 0 left on base; Beaumont 1 - Santa Fe 3 |
BOTTOM OF THE 5TH |
Santa Fe Diablos batting - Pitching for Beaumont Roughnecks : RHP Cliff Long
|
Batting: LHB Javier Martínez
|
0-0: Swinging Strike 0-1: Foul Ball, location: 2F 0-2: Strikes out swinging
|
Batting: RHB Collin Smith
|
0-0: Ball 1-0: Ball 2-0: Ball 3-0: Called Strike 3-1: Called Strike 3-2: Strikes out swinging
|
Batting: RHB Chris Deem
|
0-0: Called Strike 0-1: Swinging Strike 0-2: Strikes out swinging
|
Bottom of the 5th over - 0 run(s), 0 hit(s), 0 error(s), 0 left on base; Beaumont 1 - Santa Fe 3 |
TOP OF THE 6TH |
Beaumont Roughnecks batting - Pitching for Santa Fe Diablos : RHP Wayne Walker
|
Batting: LHB Bernardo Morales
|
0-0: Ball 1-0: SOLO HOME RUN (Flyball, 89XD), Distance : 413 ft
|
Batting: RHB Anthony Hezell
|
0-0: Called Strike 0-1: Called Strike 0-2: SINGLE (Line Drive, 9LS)
|
Batting: LHB Cam Flowers
|
0-0: Ball 1-0: Ball 2-0: SINGLE (Line Drive, 89S) Anthony Hezell to second
|
Batting: RHB Jeff Mason
|
0-0: Called Strike 0-1: Ball 1-1: Foul Ball, location: 2F 1-2: Ball 2-2: SINGLE (Line Drive, 8LS) Anthony Hezell to third Cam Flowers to second
|
Batting: RHB Miguel Costa
|
0-0: Ball 1-0: Called Strike 1-1: SINGLE (Line Drive, 6) Anthony Hezell scores Cam Flowers to third Jeff Mason to second
|
Batting: RHB Franklin Lawrence
|
0-0: Ball 1-0: Grounds into fielders choice 6-2 (Groundball, 6) Jeff Mason to third Miguel Costa to second
|
Batting: LHB Enrique Cruz
|
0-0: Ball 1-0: Ball 2-0: Ball 3-0: Called Strike 3-1: Called Strike 3-2: Base on Balls Jeff Mason scores Miguel Costa to third Franklin Lawrence to second
|
Pitching: RHP David Sheppard
|
|
Batting: RHB Darwin Crane
|
0-0: Ball 1-0: Foul Ball, location: 2F 1-1: Called Strike 1-2: Strikes out looking
|
Batting: LHB Tony Rivera
|
0-0: Ball 1-0: Swinging Strike 1-1: Swinging Strike 1-2: Fly out, F7 (Flyball, 78M)
|
Top of the 6th over - 3 run(s), 5 hit(s), 0 error(s), 3 left on base; Beaumont 4 - Santa Fe 3 |
BOTTOM OF THE 6TH |
Santa Fe Diablos batting - Pitching for Beaumont Roughnecks : RHP Cliff Long
|
Batting: RHB John Dinkins
|
0-0: Called Strike 0-1: Ball 1-1: Foul Ball, location: 2F 1-2: SINGLE (Groundball, 4D)
|
Batting: SHB George Adams
|
0-0: Ball 1-0: Ball 2-0: Called Strike 2-1: Fielders Choice at 2nd, 6-4 (Groundball, 6M)
|
Batting: RHB Henning Huisman
|
0-0: Called Strike 0-1: Ball 1-1: Ball 2-1: SINGLE (Groundball, 25) (infield hit) George Adams to second
|
Batting: RHB Lee Price
|
0-0: Fielders Choice at 3rd, U5 (Groundball, 5L) Henning Huisman to second
|
Batting: LHB John Bond
|
0-0: Called Strike 0-1: Fly out, F3 (Line Drive, 34)
|
Bottom of the 6th over - 0 run(s), 2 hit(s), 0 error(s), 2 left on base; Beaumont 4 - Santa Fe 3 |
TOP OF THE 7TH |
Beaumont Roughnecks batting - Pitching for Santa Fe Diablos : RHP David Sheppard
|
Pitching: LHP Daniel Draper
|
|
Batting: LHB Bernardo Morales
|
0-0: Swinging Strike 0-1: Fly out, F9 (Flyball, 9)
|
Batting: RHB Anthony Hezell
|
0-0: Ball 1-0: Ball 2-0: Called Strike 2-1: Ground out 6-3 (Groundball, 6)
|
Pitching: LHP Albert Alonzo
|
|
Batting: LHB Cam Flowers
|
0-0: Ball 1-0: Ball 2-0: Called Strike 2-1: Foul Ball, location: 2F 2-2: Foul Ball, location: 2F 2-2: Ground out 4-3 (Groundball, 4)
|
Top of the 7th over - 0 run(s), 0 hit(s), 0 error(s), 0 left on base; Beaumont 4 - Santa Fe 3 |
BOTTOM OF THE 7TH |
Santa Fe Diablos batting - Pitching for Beaumont Roughnecks : RHP Cliff Long
|
Pitching: RHP Gustavo Rodríguez
|
|
Batting: RHB Ricardo Remedios
|
0-0: Foul Ball, location: 2F 0-1: Ball 1-1: Swinging Strike 1-2: Strikes out swinging
|
Batting: LHB Javier Martínez
|
0-0: Fly out, F7 (Flyball, 78S)
|
Batting: RHB Collin Smith
|
0-0: Ball 1-0: Called Strike 1-1: Ball 2-1: Ball 3-1: Base on Balls
|
Pinch Hitting: SHB Tex White
|
0-0: Ball Collin Smith steals 2nd base 1-0: Called Strike 1-1: Ball 2-1: Swinging Strike 2-2: DOUBLE (Line Drive, 9LS) Collin Smith scores
|
Batting: RHB John Dinkins
|
0-0: Called Strike 0-1: Ball 1-1: Foul Ball, location: 2F 1-2: Ball 2-2: Ball 3-2: Strikes out looking
|
Bottom of the 7th over - 1 run(s), 1 hit(s), 0 error(s), 1 left on base; Beaumont 4 - Santa Fe 4 |
TOP OF THE 8TH |
Beaumont Roughnecks batting - Pitching for Santa Fe Diablos : LHP Albert Alonzo
|
Now at 3B: David Taylor
|
|
Batting: RHB Jeff Mason
|
0-0: Foul Ball, location: 2F 0-1: SINGLE (Line Drive, 8RS)
|
Batting: RHB Miguel Costa
|
0-0: Ball 1-0: Called Strike 1-1: Grounds into double play, 4-6-3 (Groundball, 4)
|
Batting: RHB Franklin Lawrence
|
0-0: Called Strike 0-1: Called Strike 0-2: Ball 1-2: Ball 2-2: Ball 3-2: Foul Ball, location: 2F 3-2: Foul Ball, location: 2F 3-2: Foul Ball, location: 2F 3-2: Foul Ball, location: 2F 3-2: Foul Ball, location: 2F 3-2: Foul Ball, location: 2F 3-2: Foul Ball, location: 2F 3-2: Foul Ball, location: 2F 3-2: Base on Balls
|
Batting: LHB Enrique Cruz
|
0-0: Ball Franklin Lawrence is caught stealing 2nd base
|
Top of the 8th over - 0 run(s), 1 hit(s), 0 error(s), 0 left on base; Beaumont 4 - Santa Fe 4 |
BOTTOM OF THE 8TH |
Santa Fe Diablos batting - Pitching for Beaumont Roughnecks : RHP Gustavo Rodríguez
|
Batting: SHB George Adams
|
0-0: Called Strike 0-1: Ball 1-1: Ball 2-1: Foul Ball, location: 2F 2-2: SINGLE (Flyball, 78S)
|
Batting: RHB Henning Huisman
|
0-0: Ball 1-0: Ball 2-0: Ball 3-0: Called Strike 3-1: Foul Ball, location: 2F 3-2: Fly out, F9 (Flyball, 9LM)
|
Batting: RHB Lee Price
|
0-0: Fly out, F6 (Line Drive, 6MD)
|
Batting: LHB John Bond
|
0-0: Called Strike George Adams steals 2nd base 0-1: Called Strike 0-2: Strikes out looking
|
Bottom of the 8th over - 0 run(s), 1 hit(s), 0 error(s), 1 left on base; Beaumont 4 - Santa Fe 4 |
TOP OF THE 9TH |
Beaumont Roughnecks batting - Pitching for Santa Fe Diablos : LHP Albert Alonzo
|
Pitching: RHP Manuel Zarate
|
|
Batting: LHB Enrique Cruz
|
0-0: Ball 1-0: Swinging Strike 1-1: Ball 2-1: Swinging Strike 2-2: Ball 3-2: Foul Ball, location: 2F 3-2: Ground out 4-3 (Groundball, 34)
|
Batting: RHB Darwin Crane
|
0-0: Ball 1-0: Ball 2-0: Fly out, F8 (Flyball, 78M)
|
Batting: LHB Tony Rivera
|
0-0: Ball 1-0: Ball 2-0: Ball 3-0: Base on Balls
|
Batting: LHB Bernardo Morales
|
0-0: Called Strike 0-1: Ball 1-1: Ball 2-1: Ball 3-1: Ground out 1-3 (Groundball, P)
|
Top of the 9th over - 0 run(s), 0 hit(s), 0 error(s), 1 left on base; Beaumont 4 - Santa Fe 4 |
BOTTOM OF THE 9TH |
Santa Fe Diablos batting - Pitching for Beaumont Roughnecks : RHP Gustavo Rodríguez
|
Batting: RHB Ricardo Remedios
|
0-0: Swinging Strike 0-1: Ball 1-1: Fly out, F9 (Flyball, 9S)
|
Pinch Hitting: SHB Scott Compton
|
0-0: Ball 1-0: Ball 2-0: Foul Ball, location: 2F 2-1: Ground out U3 (Groundball, 3)
|
Pinch Hitting: RHB José Alvarado
|
0-0: Called Strike 0-1: Foul Ball, location: 2F 0-2: Ball 1-2: Foul Ball, location: 2F 1-2: Ball 2-2: Ball 3-2: DOUBLE (Line Drive, 7LM)
|
Pinch Hitting: RHB Tim Adkins
|
0-0: Foul Ball, location: 2F 0-1: Called Strike 0-2: Ball 1-2: SINGLE (Line Drive, 4D) José Alvarado to third
|
Batting: RHB John Dinkins
|
0-0: Called Strike 0-1: Ball 1-1: Foul Ball, location: 2F 1-2: Ball 2-2: SINGLE (Groundball, 4MD) José Alvarado scores
|
Thursday, March 30th, 2017 - OOTP Baseball 17.12 Build 75
|
|